Map: [ESL] Ancient Cistern

Players

Maru - Winner!

  • Race: Terran Terran
  • Spawn Location: 1:00

Dark

  • Race: Zerg Zerg
  • Spawn Location: 7:00

VOD

Have the link to the VOD?

Description

Time

  • Played on: July 27, 2023, 7:04 a.m.
  • Length: 8:12
Show
View Real Time Build Order
Export as new Build Order

Maru Terran - Winner!

Build Orders:  

Get SALT Encoding   

  12  0:00  SCV  
  13  0:12  SCV  
  14  0:18  Supply Depot  
  14  0:24  SCV  
  15  0:40  SCV  
  15  0:41  Barracks  
  16  0:43  Refinery  
  16  0:52  SCV  
  17  0:59  Barracks  
  17  1:04  SCV  
  18  1:16  SCV  
  19  1:28  Reaper  
  19  1:29  Orbital Command  
  20  1:36  Supply Depot  
  20  1:46  Reaper  
  21  1:54  SCV  
  22  2:03  Reaper  
  22  2:06  SCV  
  24  2:10  Command Center  
  24  2:15  Refinery  
  24  2:18  SCV  
  25  2:30  SCV  
  26  2:42  SCV  
  27  2:44  Factory  
  27  2:48  Marine  
  29  2:53  Barracks Reactor  
  29  2:55  SCV  
  29  3:07  SCV  
  29  3:09  Command Center  
  29  3:11  Barracks Tech Lab  
  30  3:19  SCV  
  31  3:22  Orbital Command  
  31  3:28  Factory Reactor  
  31  3:30  Starport  
  31  3:31  SCV  
  32  3:37  Marine x2  
  32  3:38  Marine  
  35  3:42  Stimpack  
  35  3:43  SCV  
  36  3:49  SCV  
  37  3:55  SCV  
  37  3:56  Marine x2  
  37  3:57  Marine  
  42  4:02  SCV  
  42  4:05  Widow Mine x2  
  46  4:20  SCV  
  46  4:21  Medivac, Marine x3, SCV  
  52  4:27  Widow Mine  
  54  4:32  SCV  
  54  4:33  Widow Mine, SCV, Orbital Command  
  57  4:39  Marine x3  
  57  4:44  Supply Depot, SCV  
  61  4:50  Engineering Bay  
  61  4:51  Engineering Bay  
  61  5:00  Refinery  
  61  5:01  Factory Tech Lab, Supply Depot  
  61  5:05  Medivac, Marine x3, SCV  
  67  5:08  Medivac  
  69  5:16  SCV x2  
  71  5:21  Combat Shield  
  71  5:24  Marine x3  
  71  5:26  SCV  
  71  5:28  SCV  
  76  5:29  Refinery  
  76  5:36  SCV  
  76  5:37  Barracks  
  76  5:41  Marine  
  76  5:42  Marine  
  75  5:43  Terran Infantry Weapons Level 1  
  75  5:44  SCV x2  
  75  5:46  Supply Depot  
  75  5:48  Marine  
  78  5:51  Terran Infantry Armor Level 1  
  78  5:52  Orbital Command  
  78  5:53  Barracks  
  78  5:56  SCV  
  79  5:59  Starport Reactor, Marine  
  79  6:02  Barracks, Supply Depot  
  80  6:08  SCV  
  80  6:10  Siege Tank  
  84  6:14  Marine x2  
  86  6:19  Marine  
  86  6:21  SCV  
  86  6:23  SCV  
  89  6:28  Barracks Reactor  
  89  6:31  SCV  
  89  6:32  Marine x2  
  92  6:33  SCV  
  92  6:37  Marine  
  92  6:39  SCV  
  95  6:41  Marine x2  
  95  6:42  Supply Depot, Siege Tank  
  95  6:43  SCV  
  95  6:46  Medivac  
  101  6:55  Marine x2  
  101  6:57  Supply Depot  
  101  6:58  Barracks Reactor  
  101  6:59  Medivac, Marine x2  
  105  7:03  Marine  
  105  7:04  Marine x2  
  105  7:08  Armory  
  108  7:09  SCV x3  
  108  7:10  Supply Depot  
  108  7:14  Marine x2  
  113  7:19  Siege Tank  
  116  7:24  Marine x2  
  116  7:25  Marine x3  
  116  7:28  SCV x3  
  124  7:36  Supply Depot  
  124  7:37  Supply Depot  
  124  7:39  Marine x2  
  124  7:40  SCV  
  124  7:42  Marine x5  
  132  7:46  Marine  
  132  7:49  Marine  
  131  7:55  SCV  
Show
View Real Time Build Order
Export as new Build Order

Dark Zerg 

Build Orders: Hatch First 

Get SALT Encoding   

  12  0:00  Drone  
  13  0:12  Overlord  
  13  0:16  Drone  
  14  0:30  Drone  
  14  0:31  Drone  
  16  0:48  Hatchery  
  15  0:51  Drone  
  15  0:55  Drone  
  17  0:58  Drone  
  18  1:09  Extractor  
  17  1:13  Spawning Pool  
  17  1:16  Drone  
  17  1:19  Drone  
  18  1:28  Drone  
  19  1:38  Drone  
  20  1:51  Drone  
  21  1:59  Queen  
  21  2:00  Zergling x2, Queen  
  21  2:01  Zergling x2  
  27  2:11  Zergling x2  
  27  2:12  Overlord  
  28  2:20  Hatchery  
  27  2:23  Drone  
  28  2:31  Drone  
  28  2:35  Drone  
  28  2:36  Queen  
  31  2:51  Overlord  
  31  2:52  Drone x2, Metabolic Boost  
  31  2:55  Drone  
  34  3:00  Drone  
  35  3:06  Drone  
  35  3:11  Drone x3  
  39  3:13  Queen  
  39  3:19  Overlord  
  41  3:20  Drone  
  41  3:21  Drone  
  43  3:30  Drone  
  43  3:32  Overlord  
  44  3:35  Overlord  
  44  3:39  Zergling x4  
  46  3:44  Drone x3  
  46  3:47  Zergling x2  
  50  3:49  Queen  
  50  3:53  Zergling x2  
  53  3:56  Drone x2  
  53  4:02  Lair  
  55  4:04  Extractor, Drone x2  
  55  4:06  Extractor  
  55  4:07  Drone  
  55  4:09  Queen  
  58  4:11  Drone  
  59  4:22  Drone x6  
  59  4:23  Drone  
  66  4:29  Drone  
  67  4:34  Drone x3  
  67  4:35  Baneling Nest  
  67  4:36  Overlord  
  67  4:37  Drone  
  70  4:44  Drone  
  72  4:52  Drone  
  72  4:53  Drone  
  72  4:56  Drone x2  
  72  4:59  Hatchery  
  74  5:04  Zergling x2  
  74  5:06  Drone  
  76  5:07  Spire  
  76  5:10  Extractor x3, Zergling x10  
  76  5:17  Drone x2  
  76  5:18  Centrifugal Hooks  
  76  5:19  Drone x2  
  80  5:22  Evolution Chamber  
  80  5:23  Drone, Evolution Chamber  
  80  5:26  Spore Crawler  
  78  5:29  Drone x2  
  80  5:41  Drone x8  
  76  5:43  Drone  
  76  5:46  Drone x2  
  76  5:48  Drone  
  80  5:50  Zergling x4  
  82  5:59  Overlord  
  82  6:00  Overlord  
  82  6:01  Zerg Ground Armor Level 1  
  82  6:03  Zerg Melee Weapons Level 1  
  82  6:06  Overlord  
  82  6:08  Overlord  
  82  6:10  Overlord  
  82  6:13  Zergling x4  
  84  6:21  Zergling x10  
  84  6:24  Zergling x2  
  85  6:27  Zergling x2  
  85  6:29  Zergling x2  
  85  6:32  Baneling  
  80  6:52  Zergling x4  
  80  6:54  Zergling x4  
  82  6:59  Baneling x4  
  82  7:00  Zergling x4, Baneling  
  84  7:03  Zergling x8  
  84  7:06  Baneling x2  
  84  7:08  Zergling x6  
  89  7:10  Baneling  
  89  7:11  Zergling x2  
  89  7:13  Zergling x6  
  94  7:17  Baneling x2  
  94  7:18  Zergling x6  
  97  7:23  Zergling x8  
  97  7:29  Zergling x10  
  106  7:36  Zergling x10  
  107  7:41  Zergling x2  
  107  7:42  Zergling x6  
  107  7:43  Zergling x2  
Tags
 
Add a new tag
Caveats
  • Supply blocks, unpowered buildings, or Contaminate may cause inaccurate times.
  • Supply counts are checked every 10 seconds.